 Dungeon Crawl Stone Soup version 0.19.1 (webtiles) character file.

47 M4edhros the Grave Robber (level 3, -1/21 HPs)
             Began as an Octopode Necromancer on Dec 26, 2016.
             Killed by divine providence
             ... invoked by an orc priest
              (8 damage)
             ... on level 3 of the Dungeon.
             The game lasted 00:03:28 (768 turns).

M4edhros the Grave Robber (Octopode Necromancer)     Turns: 768, Time: 00:03:28

Health: -1/21      AC:  1    Str:  7    XL:     3   Next: 70%
Magic:  3/6        EV: 13    Int: 17    God:
Gold:   77         SH:  0    Dex: 13    Spells: 3 memorised, 1 level left

rFire  + . .     SeeInvis .       - Unarmed
rCold  + . .     Gourm    .     (no shield)
rNeg   . . .     Faith    .     (helmet restricted)
rPois  +         Spirit   .     (no amulet)
rElec  +         Reflect  .     (no ring)
rCorr  +         Harm     .     (no ring)
MR     .....                    (no ring)
Stlth  +++.......               (no ring)
                                (no ring)
                                (no ring)
                                (no ring)
                                (no ring)

@: resistant, very slightly contaminated
A: almost no armour, stealthy swim, amphibious, 8 rings, constrict 8, camouflage
1, gelatinous body 1
a: no special abilities


You were on level 3 of the Dungeon.
You were hungry.

You visited 1 branch of the dungeon, and saw 3 of its levels.

You collected 77 gold pieces.

Inventory:

Scrolls
 c - a scroll of blinking {unknown}
 d - a scroll of magic mapping {unknown}
 e - 4 scrolls of identify {unknown}
 f - a scroll of enchant weapon {unknown}
 g - a scroll of amnesia {unknown}
 h - a scroll of immolation {unknown}
Books
 a - a book of Necromancy

   Spells                             Type                      Level
   a - Pain                           Necromancy                   1
   b - Animate Skeleton               Necromancy                   1
   c - Vampiric Draining              Necromancy                   3
   d - Regeneration                   Charms/Necromancy            3
   e - Animate Dead                   Necromancy                   4
   f - Control Undead                 Necromancy                   4
Comestibles
 b - 3 bread rations
 i - a meat ration


   Skills:
 - Level 2.0 Dodging
 - Level 2.6 Stealth
 + Level 3.2 Unarmed Combat
 - Level 2.0 Spellcasting
 - Level 4.0 Necromancy


You had one spell level left.
You knew the following spells:

 Your Spells              Type           Power        Failure   Level  Hunger
a - Pain                  Necr           ###.         3%          1    #......
b - Animate Skeleton      Necr           N/A          3%          1    #......
c - Regeneration          Chrm/Necr      #.........   24%         3    ###....


Dungeon Overview and Level Annotations

Branches:
Dungeon (3/15)

Altars:


Innate Abilities, Weirdness & Mutations

You cannot wear most types of armour.
You are very stealthy in the water. (Stealth+)
You are amphibious.
You can wear up to eight rings at the same time.
You can use your tentacles to constrict eight enemies at once.
Your skin changes colour to match your surroundings (Stealth+).
Your rubbery body absorbs attacks. (AC +1, EV +1)


Message History

The orc wizard casts a spell.
The orc wizard blinks!
The orc priest hits you with a mace.
You tentacle-slap the orc priest but do no damage.
You squeeze the orc priest.
The orc priest is moderately wounded.
You constrict the orc priest, but do no damage.
You tentacle-slap the orc priest but do no damage.
The orc priest is moderately wounded.
You constrict the orc priest, but do no damage.
The orc priest escapes!
You are feeling hungry.
You tentacle-slap the orc priest. Your grab misses the orc priest.
Your squeeze misses the orc priest.
The orc priest is heavily wounded.
The orc priest mumbles some strange prayers to Beogh against you.
Beogh smites you!
A bat comes into view.
The orc priest mumbles some strange prayers to Beogh against you.
Beogh smites you!
You die...

#. .... ...... #. ...o.
..........#.# #. ...b...
##..........#.# #.
.......##.... ......#.# #.
.............# +....#.# #.
............. +..>...# #.
#...o#..###.##......# #.
#....#.@.....†......# #.
###..o.#.####..#..†...####
......oo.# #......#.....
.......o.### #......######
...........###......# #
....................#
...........##..###.##
....####........##.# ....
#........#...


You could see an orc priest, an orc wizard, 2 orcs and a bat.

Vanquished Creatures
  An adder (D:2)
  A dart slug (D:1)
  3 leopard geckos
  2 ball pythons
  6 bats
  A goblin (D:1)
  5 hobgoblins
  3 quokkas
  2 frilled lizards
  6 kobolds
  2 rats (D:2)
32 creatures vanquished.

Notes
Turn   | Place    | Note
-------+----------+-------------------------------------------
     0 | D:1      | M4edhros the Octopode Necromancer began the quest for the Orb.
     0 | D:1      | Reached XP level 1. HP: 11/11 MP: 3/3
   102 | D:1      | Reached skill level 1 in Unarmed Combat
   164 | D:1      | Reached XP level 2. HP: 7/17 MP: 0/5
   291 | D:2      | Reached XP level 3. HP: 12/21 MP: 0/6
   294 | D:2      | Learned a level 1 spell: Animate Skeleton
   298 | D:2      | Learned a level 3 spell: Regeneration
   768 | D:3      | Killed from afar by an orc priest

Skill      XL: |  1  2  3 |
---------------+----------+-----
Unarmed Combat | 1 2 3 |  3.2
Dodging        | |  2.0
Stealth        | |  2.6
Spellcasting   | |  2.0
Necromancy     | |  4.0

Action                   || total
-------------------------++-------
Melee: Unarmed           ||    51
       Constrict         ||    15
       Tentacles         ||     8
 Cast: Pain              ||    28
       Regeneration      ||     3
  Use: Potion            ||     3
 Stab: Sleeping          ||     1
Armor: Skin              ||     5
Dodge: Dodged            ||    38
